 Dungeon Crawl Stone Soup version 0.19.0 (webtiles) character file.

149 Inkary the Shield-Bearer (level 5, -1/41 HPs)
             Began as a Formicid Fighter on Nov 1, 2016.
             Slain by Natasha (5 damage)
             ... on level 2 of the Dungeon.
             The game lasted 00:01:41 (1141 turns).

Inkary the Shield-Bearer (Formicid Fighter)         Turns: 1141, Time: 00:01:42

Health: -1/41      AC:  6    Str: 21    XL:     5   Next: 57%
Magic:  5/5        EV:  8    Int:  8    God:
Gold:   115        SH:  9    Dex: 10    Spells: 0 memorised, 4 levels left

rFire  . . .     SeeInvis +     a - +0 war axe
rCold  . . .     Gourm    .     b - +0 scale mail
rNeg   . . .     Faith    .     c - +0 shield
rPois  .         Spirit   .     (helmet unavailable)
rElec  .         Reflect  .     (no cloak)
rCorr  .         Harm     .     (no gloves)
MR     .....                    (no boots)
Stlth  ..........               (no amulet)
                                (no ring)
                                (no ring)

@: no status effects
A: permanent stasis, dig shafts and tunnels, four strong arms, antennae 3
a: Dig, Shaft Self


You were on level 2 of the Dungeon.
You were not hungry.

You visited 1 branch of the dungeon, and saw 2 of its levels.

You collected 115 gold pieces.

Inventory:

Hand Weapons
 a - a +0 war axe (weapon)
Armour
 b - a +0 scale mail (worn)
 c - a +0 shield (worn)
Jewellery
 e - an uncursed ring of stealth {unknown}
Scrolls
 g - 3 scrolls of amnesia {unknown}
 h - 7 scrolls of identify {unknown}
 i - 2 scrolls of remove curse {unknown}
 k - a scroll of fear {unknown}
Potions
 d - 2 potions of might
 l - 2 potions of heal wounds {unknown}
 m - a potion of agility {unknown}
 n - a potion of curing
Comestibles
 f - a bread ration
 j - a chunk of flesh
 o - a meat ration
 p - a slice of pizza


   Skills:
 - Level 3.2 Fighting
 * Level 4.6 Axes
 - Level 3.2 Armour
 + Level 4.8 Shields


You had 4 spell levels left.
You didn't know any spells.

Dungeon Overview and Level Annotations

Branches:
Dungeon (2/15)

Altars:

Annotations:
D:2 Natasha


Innate Abilities, Weirdness & Mutations

You are under a permanent stasis effect.
You can dig through walls and to a lower floor.
Your four strong arms can wield two-handed weapons with a shield.
You have a pair of large antennae on your head. (SInv)


Message History

You are too injured to fight recklessly!
You are too injured to fight recklessly!
You are too injured to fight recklessly!
You are too injured to fight recklessly!
You are too injured to fight recklessly!
You are too injured to fight recklessly!
You are too injured to fight recklessly!
You are too injured to fight recklessly!
You are too injured to fight recklessly!
You barely miss Natasha.
Natasha is lightly wounded.
You block Natasha's attack. Natasha claws you but does no damage.
You hit Natasha.
Natasha is lightly wounded.
Natasha claws you!
* * * LOW HITPOINT WARNING * * *
You closely miss Natasha.
Natasha is lightly wounded.
Natasha claws you.
You die...

#........# #..
#........#####.#
#........##....####
#........##.#.<...#
#........##.#.....#
##.....#.##.#.....#
#..(..#.##.#.()..#
#.....รท.)h.......####
######..##@#.#......#
#.....#........#
###########...#.###......#
#...........>.#####......#
##.......###.#............#
.........# #.##############
.........# #.# .....#.###
#.# .....#.# #.#


You could see Natasha.

Vanquished Creatures
  Ijyb (D:2)
  Terence (D:2)
  Natasha (D:2)
  3 adders (D:2)
  A worm (D:2)
  2 dart slugs (D:1)
  2 leopard geckos
  A ball python (D:1)
  5 bats
  3 giant cockroaches (D:1)
  5 hobgoblins
  3 jackals (D:2)
  2 kobolds
  4 frilled lizards
  5 goblins
  A rat (D:2)
40 creatures vanquished.

Notes
Turn   | Place    | Note
-------+----------+-------------------------------------------
     0 | D:1      | Inkary the Formicid Fighter began the quest for the Orb.
     0 | D:1      | Reached XP level 1. HP: 18/18 MP: 1/1
    82 | D:1      | Reached XP level 2. HP: 20/24 MP: 2/2
   263 | D:1      | Reached XP level 3. HP: 15/29 MP: 3/3
   460 | D:2      | Noticed Ijyb
   484 | D:2      | Killed Ijyb
   484 | D:2      | Reached XP level 4. HP: 31/35 MP: 4/4
   560 | D:2      | Noticed Natasha
   571 | D:2      | Killed Natasha
   571 | D:2      | Reached XP level 5. HP: 8/41 MP: 5/5
   683 | D:2      | Noticed Terence
   706 | D:2      | Killed Terence
  1128 | D:2      | Noticed Natasha
  1141 | D:2      | Slain by Natasha

Skill      XL: |  1  2  3  4 |
---------------+-------------+-----
Axes           | 3 4 |  4.6
Shields        | 4 |  4.8
Fighting       | |  3.2
Armour         | |  3.2

Action                   |  1- 3 |  4- 6 || total
-------------------------+-------+-------++-------
Melee: War axe           |    65 |   120 ||   185
  Use: Potion            |       |     1 ||     1
  Eat: Chunk             |       |     1 ||     1
Armor: Scale mail        |    31 |    56 ||    87
Dodge: Dodged            |    28 |    43 ||    71
Block: Shield            |    37 |    62 ||    99
